 Dungeon Crawl Stone Soup version 0.17-a0-1769-g54adf96 (webtiles) character file.

968 Magnus the Shield-Bearer (level 8, -1/64 HPs)
             Began as a Formicid Fighter on Sept 7, 2015.
             Was an Initiate of Ru.
             Slain by an ogre
             ... wielding a +0 giant club
              (25 damage)
             ... on level 5 of the Dungeon.
             The game lasted 00:15:09 (4705 turns).

Magnus the Shield-Bearer (Formicid Fighter)         Turns: 4705, Time: 00:15:10

Health: -1/64      AC:  7    Str: 24    XL:     8   Next: 38%
Magic:  8/8        EV:  9    Int:  7    God:    Ru [......]
Gold:   222        SH: 11    Dex: 10    Spells: 0 memorised, 7 levels left

rFire  . . .     SeeInvis +     a - +0 war axe
rCold  + . .     Clarity  +     b - +0 scale mail
rNeg   . . .     SustAt   .     c - +0 shield
rPois  .         Gourm    .     (helmet unavailable)
rElec  .         Spirit   .     (no cloak)
rCorr  .         Warding  .     (no gloves)
rMut   .         Stasis   +     (no boots)
MR     .....                    z - amulet of clarity
Stlth  ..........               (no ring)
                                j - ring of protection from cold

@: not resistant to hostile enchantments, extremely unstealthy
A: permanent stasis, dig shafts and tunnels, four strong arms, antennae 3
a: Dig, Shaft Self, Renounce Religion


You were on level 5 of the Dungeon.
You worshipped Ru.
Ru was noncommittal.
You were not hungry.

You visited 1 branch of the dungeon, and saw 5 of its levels.
You also visited: Sewer.

You collected 222 gold pieces.

Inventory:

Hand weapons
 a - a +0 war axe (weapon)
Missiles
 A - 2 javelins (quivered)
Armour
 b - a +0 scale mail (worn)
 c - a +0 shield (worn)
Jewellery
 j - a ring of protection from cold (left hand)
 z - an amulet of clarity (around neck)
Magical devices
 v - a wand of disintegration (17)
 w - a wand of slowing (29)
 x - a wand of paralysis (10)
Scrolls
 f - 2 scrolls of recharging {unknown}
 h - 3 scrolls of identify {unknown}
 k - 2 scrolls of fog {unknown}
 m - 4 scrolls of teleportation {unknown}
 n - a scroll of enchant armour {unknown}
 o - a scroll of fear {unknown}
 p - a scroll of amnesia {unknown}
 q - a scroll of remove curse {unknown}
 y - a scroll of magic mapping {unknown}
Potions
 d - a potion of might
 g - a potion of brilliance {unknown}
 i - 6 potions of curing {unknown}
 l - 2 potions of haste {unknown}
 u - 2 potions of degeneration {unknown}
 B - 2 potions of berserk rage {unknown}
Books
 r - Vehumet's Tome of Arcane Weapons
   (You found it on level 3 of the Dungeon)

   Spells                             Type                      Level
   a - Magic Dart                     Conjuration                  1
 s - Sif Muna's Grimoire of Calling
   (You found it on level 3 of the Dungeon)

   Spells                             Type                      Level
   a - Summon Butterflies             Summoning                    1
 t - Kikubaaqudgha's Compendium of Evil Arts
   (You found it on level 3 of the Dungeon)

   Spells                             Type                      Level
   a - Pain                           Necromancy                   1
Comestibles
 e - 3 bread rations
 C - 2 chunks of flesh


   Skills:
 + Level 5.9 Fighting
 + Level 4.8 Axes
 + Level 5.7 Armour
 + Level 6.8 Shields


You had 7 spell levels left.
You didn't know any spells.

Dungeon Overview and Level Annotations

Branches:
Dungeon (5/15)
 Temple: D:4-7

Altars:
Cheibriados
Kikubaaqudgha
Okawaru
Ru
Sif Muna
Trog
Vehumet
Xom

Annotations:
D:5 Eustachio; penrose's ghost, experienced TrMo


Innate Abilities, Weirdness & Mutations

You are under a permanent stasis effect.
You can dig through walls and to a lower floor.
Your four strong arms can wield two-handed weapons with a shield.
You have a pair of large antennae on your head (SInv).


Message History

The ogre shouts!
You hit the ogre.
The ogre is lightly wounded.
The ogre hits you with a giant club.
You barely miss the ogre.
The ogre is lightly wounded.
The ogre hits you with a giant club.
You hit the ogre.
The ogre is moderately wounded.
The ogre closely misses you.
You slash the ogre!
The ogre is heavily wounded.
The ogre hits you with a giant club!
You slash the ogre!
The ogre is severely wounded.
The ogre hits you with a giant club!
You barely miss the ogre.
The ogre is severely wounded.
The ogre hits you with a giant club!!
You die...

#.#
#.##...###
## # ##...#
###.##...#
..........#
.....###..#
####.###..#
###......#
........####
.##......@.#
#.###.##O#
#.. ...# .#
#.# ##### .#
.# .# .# .#
.#


You could see an ogre.

Vanquished Creatures
  Purgy (Sewer)
  3 ogres (D:4)
  A phantom (D:4)
  An ice beast (D:5)
  5 orc wizards
  2 orc priests (D:3)
  A jelly (D:5)
  12 adders
  2 worms (D:2)
  13 orcs
  3 ball pythons
  7 giant cockroaches
  12 hobgoblins
  6 jackals
  9 kobolds
  3 quokkas
  5 bats
  2 giant geckos
  6 giant newts
  3 goblins
  A quokka skeleton (D:4)
  7 rats
105 creatures vanquished.

Notes
Turn   | Place    | Note
--------------------------------------------------------------
     0 | D:1      | Magnus the Formicid Fighter began the quest for the Orb.
     0 | D:1      | Reached XP level 1. HP: 18/18 MP: 1/1
    72 | D:1      | Reached XP level 2. HP: 24/24 MP: 2/2
   205 | D:1      | Reached skill level 4 in Shields
   367 | D:1      | Reached XP level 3. HP: 29/29 MP: 3/3
   847 | D:2      | Reached XP level 4. HP: 33/35 MP: 4/4
  1497 | D:2      | Found an iron altar of Okawaru.
  1497 | D:2      | Found a bloodstained altar of Trog.
  1770 | D:3      | Reached XP level 5. HP: 39/42 MP: 5/5
  1997 | D:3      | Reached skill level 5 in Shields
  2286 | D:3      | Found a deep blue altar of Sif Muna.
  2289 | D:3      | Found a radiant altar of Vehumet.
  2289 | D:3      | Found an ancient bone altar of Kikubaaqudgha.
  2306 | D:3      | Identified Vehumet's Tome of Arcane Weapons (You found it on level 3 of the Dungeon)
  2313 | D:3      | Identified Sif Muna's Grimoire of Calling
  2320 | D:3      | Identified Kikubaaqudgha's Compendium of Evil Arts
  2537 | D:3      | Reached XP level 6. HP: 48/48 MP: 6/6
  2732 | D:3      | Found a snail-covered altar of Cheibriados.
  2848 | D:4      | Reached XP level 7. HP: 14/55 MP: 7/7
  3094 | D:4      | Found a shimmering altar of Xom.
  3134 | D:4      | Reached skill level 5 in Fighting
  3324 | D:4      | Reached skill level 5 in Armour
  3324 | D:4      | Reached skill level 6 in Shields
  3382 | D:4      | Found a glowing drain.
  3390 | Sewer    | Entered a sewer
  3502 | Sewer    | Noticed Purgy
  3520 | Sewer    | Killed Purgy
  3780 | D:4      | Found a sacrificial altar of Ru.
  3824 | D:4      | Became a worshipper of Ru the Awakened
  3910 | D:4      | Reached XP level 8. HP: 36/63 MP: 8/8
  4239 | D:5      | Entered Level 5 of the Dungeon
  4241 | D:5      | Noticed Eustachio
  4248 | D:5      | Noticed penrose's ghost (experienced TrMo)
  4705 | D:5      | Slain by an ogre

Vault maps used:
D:1:      lordsloth_arrival_two_stooges
D:2:      gammafunk_temple_overflow_pools, grunt_decor_cap
D:3:      wad_pebble_path, grunt_temple_overflow_magic_moments,
          lemuel_coloured_pillars_altar, first_bread
D:4:      xom_butterflies, nicolae_ru_sacrificial_ziggurat,
          lightli_sewer_entry_pipes
D:5:      uniq_eustachio, uniq_crazy_yiuf_cottage
Sewer:    kennysheep_door_sewer

Action                   |  1- 3 |  4- 6 |  7- 9 || total
-------------------------+-------+-------+-------++-------
Melee: War axe           |   106 |   166 |   153 ||   425
  Eat: Chunk             |       |     7 |     1 ||     8
       Meat ration       |       |       |     1 ||     1
